 Dungeon Crawl Stone Soup version 0.28.0-43-g3370ac3207 (webtiles) character file.

Game seed: 7481209440892101805

102 smarlow the Magician (level 5, 0/52 HPs)
             Began as a Djinni Conjurer on Mar 5, 2022.
             Slain by Grinder (5 damage)
             ... on level 3 of the Dungeon.
             The game lasted 00:04:02 (2966 turns).

smarlow the Magician (Djinni Conjurer)              Turns: 2966, Time: 00:04:03

Health: 0/52       AC: 22    Str:  6    XL:     5   Next: 5%
Gold:   107        EV:  2    Int: 22    God:
                   SH:  0    Dex: 13

rFire   . . .      SeeInvis .   d - +3 short sword
rCold   + . .      Faith    .   (no shield)
rNeg    . . .      Spirit   .   (armour currently unavailable)
rPois   ∞          Reflect  .   (helmet currently unavailable)
rElec   .          Harm     .   (cloak currently unavailable)
rCorr   .          Rampage  .   (gloves currently unavailable)
Will    .....      NoTele   +   (boots unavailable)
Stlth   ++........              (no amulet)
HPRegen 0.17/turn               e - ring of Cilew {Wiz rC+}
MPRegen 0.00/turn               (no ring)

@: tree-form
A: stationary, stasis, torment immunity, boosted hp, sickness immunity, (fire
resistance 2), (cold vulnerability 1), float, innate caster, HP casting, extra
vitality 1, agile 1
a: no special abilities


You were on level 3 of the Dungeon.
You were a tree.
You visited 1 branch of the dungeon, and saw 3 of its levels.

You collected 107 gold pieces.

Inventory:

Hand Weapons
 d - a +3 short sword (weapon)
Armour
 a - a +1 robe (melded)
 f - a +2 hat (melded)
 g - a +0 pair of gloves
Jewellery
 e - the ring of Cilew (left branch) {Wiz rC+}
   (You acquired it on level 3 of the Dungeon)

   [ring of wizardry]

   It improves your spell success rate.
   rC:        It protects you from cold.
 j - a ring of fire
Wands
 i - a wand of acid (5)
Scrolls
 b - a scroll of enchant armour
 c - a scroll of fog


   Skills:
 - Level 2.1 Dodging
 - Level 1.5 Stealth
 + Level 4.7 Spellcasting


You couldn't memorise any spells.
You knew the following spells:

 Your Spells              Type           Power      Damage    Failure   Level
a - Magic Dart            Conj           100%       1d8       1%          1
b - Searing Ray           Conj           52%        2d6       1%          2
c - Dazzling Flash        Conj/Hex       52%        N/A       1%          3
d - Fulminant Prism       Conj/Hex       13%        3d9       6%          4
e - Iskenderun's Mystic   Conj/Tloc      26%        2d7       6%          4
f - Sting                 Tmut/Pois      100%       1d8       1%          1
g - Scorch                Fire           52%        2d7       1%          2
Your spell library was empty.

Dungeon Overview and Level Annotations

Branches:
Dungeon (3/15)

Altars:

Shops:
D:1 (

Annotations:
D:3 Grinder


Innate Abilities, Weirdness & Mutations

You are a tree.
Your roots penetrate the ground, keeping you stationary.
You cannot be teleported.
You are immune to unholy pain and torment.
Your maximum health is greatly increased.
Your equipment is partially melded.
You are immune to sickness and miasma.
You are immune to poison.
((Your flesh is very heat resistant. (rF++)))
((You are vulnerable to cold. (rC-)))
You float through the air rather than walking.
You learn spells naturally, not from books.
Your magical power is your life essence.
You have superior vitality. (+4 MHP)
You are agile. (Dex +2)


Message History

The searing ray hits Grinder!
Grinder is moderately wounded. (Press . to maintain the ray.)
* * * LOW HITPOINT WARNING * * *
The searing ray misses Grinder.
* * * LOW HITPOINT WARNING * * *
Grinder blinks!
Casting: Searing Ray (safe; 1% risk of failure)
Confirm with . or Enter, or press ? or * to list all spells.
Aiming: Fulminant Prism (dangerous; 6% risk of failure)
Press: ? - help, Dir - move target, p - Grinder You conjure a prism of explosive energy!
* * * LOW HITPOINT WARNING * * *
A fulminant prism comes into view.
Grinder hits your fulminant prism.
Your fulminant prism crackles loudly.
Grinder hits your fulminant prism!
Your fulminant prism explodes!
The blast of energy engulfs Grinder!
Grinder is heavily wounded.
Grinder gestures at you.
You suddenly lose the ability to move!
Grinder hits you but does no damage.
You can move again.
You hit Grinder.
Grinder is heavily wounded.
Grinder gestures at you. You resist with significant effort.
You barely miss Grinder.
Grinder is heavily wounded.
Grinder gestures at you. You resist with significant effort.
You completely miss Grinder.
Grinder is heavily wounded.
Grinder hits you but does no damage.
You hit Grinder.
Grinder is severely wounded.
Grinder says, "Wait up."
Grinder hits you.
You die...

#.'.....................'.#...
####8##8##8##.##8##8##8######.
##########.########## #. #8.8#
#. ##.###############.
#.##..............
##.################ #858#
##♣## #'## #..# ##.# ........#
#########


You could see Grinder.

Vanquished Creatures
  4 gnolls (D:2)
  An adder (D:2)
  4 ball pythons
  6 endoplasms
  4 giant cockroaches
  4 hobgoblins (D:1)
  2 jackals (D:1)
  3 quokkas
  6 bats
  3 frilled lizards
  4 goblins
  8 kobolds
  5 rats
54 creatures vanquished.

Vanquished Creatures (others)
  A fulminant prism (D:3)
1 creature vanquished.

Grand Total: 55 creatures vanquished

Notes
Turn   | Place    | Note
-------+----------+-------------------------------------------
     0 | D:1      | smarlow the Djinni Conjurer began the quest for the Orb.
     0 | D:1      | Reached XP level 1. HP: 15/15 MP: 0/0
   275 | D:1      | Reached XP level 2. HP: 17/21 MP: 0/0
   687 | D:1      | Found Qohe's Weapon Emporium.
   785 | D:1      | Reached XP level 3. HP: 20/25 MP: 0/0
   785 | D:1      | Learned a level 1 spell: Sting
   977 | D:1      | Reached skill level 4 in Spellcasting
  1080 | D:1      | Found a faded altar of an unknown god.
  1671 | D:2      | Reached XP level 4. HP: 15/31 MP: 0/0
  2357 | D:3      | Identified a scroll of acquirement
  2357 | D:3      | Acquired the ring of Cilew {Wiz rC+}
  2382 | D:3      | Reached XP level 5. HP: 33/35 MP: 0/0
  2382 | D:3      | Learned a level 2 spell: Scorch
  2933 | D:3      | Noticed Grinder
  2934 | D:3      | Paralysed by Grinder for 7 turns
  2945 | D:3      | Paralysed by Grinder for 7 turns
  2953 | D:3      | Gained mutation: You are agile. (Dex +2) [potion of
                  | mutation]
  2961 | D:3      | Paralysed by Grinder for 2 turns
  2966 | D:3      | Slain by Grinder

Illustrated notes

Levels and vault maps discovered:
D:1:      ncdulo_watergridlock, layout_basic,
          hellmonk_ecumenical_altar_arch_garden, serial_shops, shop
D:2:      layout_basic, minmay_stone_trees_medium, minmay_tetromino_s2
D:3:      layout_loops_ring, dk_noncrumbling_2, uniq_grinder

Skill      XL: |  1  2  3 |
---------------+----------+-----
Spellcasting   | 4 |  4.7
Dodging        | |  2.1
Stealth        | |  1.5

Action                   |  1- 3 |  4- 6 || total
-------------------------+-------+-------++-------
Melee: Short sword       |       |     4 ||     4
 Cast: Magic Dart        |    77 |    24 ||   101
       Searing Ray       |     1 |     4 ||     5
       Fulminant Prism   |       |     1 ||     1
  Use: Scroll            |     1 |     2 ||     3
       Potion            |       |     2 ||     2
Armor: Robe              |     1 |     1 ||     2
       Skin              |       |     2 ||     2
Dodge: Dodged            |     6 |     4 ||    10
